 Dungeon Crawl Stone Soup version 0.18-a0-1160-geb89fc2 (webtiles) character file.

10830 st0uf the Transmogrifier (level 11, -10/91 HPs)
             Began as a Red Draconian Transmuter on Jan 24, 2016.
             Was a High Priest of Makhleb.
             Mangled by a troll (13 damage)
             ... on level 10 of the Dungeon.
             The game lasted 01:09:49 (12945 turns).

st0uf the Transmogrifier (DrTm)                    Turns: 12945, Time: 01:09:50

Health: -10/91     AC:  7    Str: 12    XL:     11   Next: 41%
Magic:  15/20      EV: 16    Int: 17    God:    Makhleb [*****.]
Gold:   558        SH:  0    Dex: 12    Spells: 4 memorised, 12 levels left

rFire  + . .     SeeInvis .       - Unarmed
rCold  + . .     Gourm    .     (armour unavailable)
rNeg   . . .     Faith    .     (shield currently unavailable)
rPois  .         Spirit   .     (helmet restricted)
rElec  .         Dismiss  .     (no cloak)
rCorr  .         Reflect  .     (gloves currently unavailable)
SustAt .         Harm     .     (no boots)
MR     .....                    (no amulet)
Stlth  ++........               l - ring of stealth
                                f - ring of protection from cold

@: blade hands, not resistant to hostile enchantments, unstealthy
A: breathe fire, unfitting armour, fire resistance 1, cold-blooded, AC +7
a: Breathe Fire, End Transformation, Minor Destruction, Lesser Servant of
Makhleb, Major Destruction, Greater Servant of Makhleb, Renounce Religion


You were on level 10 of the Dungeon.
You worshipped Makhleb.
Makhleb was extremely pleased with you.
You were not hungry.
You had blades for hands.
You visited 2 branches of the dungeon, and saw 11 of its levels.

You collected 558 gold pieces.

Inventory:

Hand Weapons
 H - a +0 blowgun
Missiles
 a - 152 arrows
 s - 8 curare-tipped needles
 D - a throwing net
 J - 44 poisoned needles
 K - 11 tomahawks
 L - 4 tomahawks of returning (quivered)
Jewellery
 f - a ring of protection from cold (left scythe-like blade)
 l - a ring of stealth (right scythe-like blade)
 u - an uncursed ring of protection from cold
 y - an uncursed amulet of dismissal
Wands
 n - a wand of polymorph (8/24)
 q - a wand of frost (13/48)
 E - a wand of draining (7/15)
 G - a wand of paralysis (8/24)
 I - a wand of fire (5/15)
 Q - a wand of teleportation (3/9)
 R - a wand of polymorph (12/24)
 S - a wand of hasting (2/9)
 U - a wand of fire (5/15)
Scrolls
 e - 6 scrolls of identify
 g - 3 scrolls of fog {unknown}
 j - 3 scrolls of enchant armour
 k - 4 scrolls of remove curse
 m - 2 scrolls of enchant weapon
 t - 2 scrolls of noise {unknown}
 v - 6 scrolls of teleportation {unknown}
 B - a scroll of vulnerability {unknown}
 M - a scroll of blinking
 N - a scroll of immolation {unknown}
 O - a scroll of recharging {unknown}
 W - a scroll of magic mapping
Potions
 d - a potion of agility
 h - 2 potions of brilliance {unknown}
 o - a potion of poison {unknown}
 p - 2 potions of beneficial mutation {unknown}
 x - 5 potions of curing {unknown}
 z - 2 potions of heal wounds {unknown}
 A - a potion of mutation {unknown}
 F - 2 potions of might
 T - 2 potions of lignification {unknown}
Books
 b - a book of Changes

   Spells                             Type                      Level
   a - Beastly Appendage              Transmutation                1
   b - Sticks to Snakes               Transmutation                2
   c - Spider Form                    Transmutation/Poison         3
   d - Ice Form                       Ice/Transmutation            4
   e - Blade Hands                    Transmutation                5
 C - a book of Beasts

   Spells                             Type                      Level
   a - Summon Butterflies             Summoning                    1
   b - Call Canine Familiar           Summoning                    3
   c - Summon Ice Beast               Ice/Summoning                4
   d - Summon Mana Viper              Hexes/Summoning              5
   e - Summon Hydra                   Summoning                    7
Comestibles
 c - 4 bread rations
 i - 6 meat rations
 r - 2 beef jerkies
 w - a slice of pizza
 P - a royal jelly
 V - 5 chunks of flesh


   Skills:
 + Level 6.9 Fighting
 + Level 1.2 Throwing
 + Level 8.0 Dodging
 + Level 8.4 Unarmed Combat
 + Level 6.6 Spellcasting
 * Level 10.2 Transmutations
 - Level 2.4 Poison Magic


You had 12 spell levels left.
You knew the following spells:

 Your Spells              Type           Power        Failure   Level  Hunger
a - Beastly Appendage     Trmt           #####.       10%         1    None
b - Sticks to Snakes      Trmt           #####...     12%         2    None
c - Spider Form           Trmt/Pois      ####......   24%         3    ##.....
d - Blade Hands           Trmt           #####.....   41%         5    #####..


Dungeon Overview and Level Annotations

Branches:
Dungeon (10/15)            Temple (1/1) D:5            Lair (0/8) D:10
    Orc (0/2) D:10

Altars:
Ashenzari
Cheibriados
Dithmenos
Elyvilon
Fedhas
Gozag
Kikubaaqudgha
Makhleb
Nemelex Xobeh
Okawaru
Pakellas
Qazlal
Ru
Sif Muna
Trog
Vehumet
Xom
Yredelemnul
Zin
The Shining One

Shops:
D:7 =

Annotations:
D:6 exclusion: door


Innate Abilities, Weirdness & Mutations

You can breathe blasts of fire.
Your fiery red scales are hard (AC +7).
Your body does not fit into most forms of armour.
Your flesh is heat resistant.
You are cold-blooded and may be slowed by cold attacks.


Message History

Your tail-slap misses the orc warrior.
The orc warrior hits you with a flail!
You slash the orc warrior!
Your tail-slap misses the orc warrior.
The orc warrior is severely wounded.
The orc warrior misses you.
You slash the orc warrior!
You kill the orc warrior!
Makhleb accepts your kill.
You feel better.
Eat one of 6 chunks of flesh? (ye/n/q/i?) This raw flesh tastes terrible.
You continue eating. x2
You have got your breath back.
The troll bites you! The troll misses you. The troll claws you!
* * * LOW HITPOINT WARNING * * *
You slash the troll! You tail-slap the troll.
The troll is moderately wounded.
The troll bites you!!
* * * LOW HITPOINT WARNING * * *
The troll claws you!
You die...

#.. #........#
##### #.#
#........#
#8oog8#.#
#........#
#.goo.#.##+#
#........#
#.Ooo.Oo#..#
##########
#o#..##############
#)#..)......[......
#T#.†##############
#.@..# #.... ##...#
#.... #...# #>...
#######...# #....
#.........# #....
#.........# #....
#.........# #....
#.........# #....
#.........# ###'#


You could see a troll, an orc warrior, an ogre (wandering) and an orc.

Vanquished Creatures
  Josephine (D:10)
  2 hill giants
  A kobold demonologist (D:9)
  A centaur skeleton (D:10)
  A komodo dragon (D:10)
  A fire drake (D:10)
  Prince Ribbit (D:7)
  3 wraiths (D:10)
  A vampire (D:9)
  2 wyverns
  A hippogriff (D:7)
  A steam dragon (D:10)
  Menkaure (D:4)
  17 water moccasins
  5 orc warriors
  An ice beast (D:10)
  A wasp (D:9)
  A black bear (D:8)
  An eye of draining (D:8)
  A sky beast (D:9)
  7 ogres
  4 centaurs
  Blork the orc (D:5)
  5 big kobolds
  4 giant frogs
  A wyvern skeleton (D:10)
  A water moccasin zombie (D:6)
  3 scorpions
  5 killer bees
  A wight (D:9)
  An electric eel (D:10)
  6 crimson imps
  A centaur zombie (D:5)
  A jelly (D:10)
  7 hounds
  6 orc priests
  A wasp zombie (D:10)
  13 orc wizards
  2 giant frog skeletons
  3 iguanas
  5 worker ants
  A killer bee zombie (D:8)
  2 hound skeletons
  A worker ant zombie (D:5)
  5 gnolls
  28 adders
  4 shadow imps
  An adder zombie (D:7)
  2 worms
  10 giant geckos
  52 orcs
  2 ball pythons
  6 giant cockroaches
  4 goblins (D:1)
  5 hobgoblins
  20 jackals
  3 quokkas
  A ball python zombie (D:5)
  12 bats
  7 giant newts
  27 kobolds
  A quokka skeleton (D:7)
  10 rats
  A plant (D:10)
327 creatures vanquished.

Notes
Turn   | Place    | Note
--------------------------------------------------------------
     0 | D:1      | st0uf the Draconian Transmuter began the quest for the Orb.
     0 | D:1      | Reached XP level 1. HP: 16/16 MP: 3/3
   375 | D:1      | Reached XP level 2. HP: 23/23 MP: 1/5
  1075 | D:1      | Reached XP level 3. HP: 23/28 MP: 4/6
  1186 | D:2      | Found a shadowy altar of Dithmenos.
  1458 | D:2      | Learned a level 2 spell: Sticks to Snakes
  1462 | D:2      | Learned a level 3 spell: Spider Form
  1463 | D:2      | Found a sacrificial altar of Ru.
  1603 | D:2      | Reached XP level 4. HP: 19/36 MP: 5/7
  2702 | D:3      | Found a sacrificial altar of Ru.
  2784 | D:3      | Found a radiant altar of Vehumet.
  3004 | D:4      | Found a stormy altar of Qazlal.
  3011 | D:4      | Reached XP level 5. HP: 39/41 MP: 8/8
  3013 | D:4      | Noticed a water elemental
  3014 | D:4      | Noticed an air elemental
  3014 | D:4      | Noticed a fire elemental
  3130 | D:4      | Found a sparkling altar of Nemelex Xobeh.
  3205 | D:4      | You fall through a shaft for 2 floors!
  3241 | D:6      | Reached skill level 4 in Unarmed Combat
  3417 | D:5      | Entered Level 5 of the Dungeon
  3500 | D:5      | Reached XP level 6. HP: 17/48 MP: 9/9
  3708 | D:5      | Noticed Blork the orc
  3718 | D:5      | Killed Blork the orc
  4038 | D:5      | Found a staircase to the Ecumenical Temple.
  4046 | Temple   | Entered the Ecumenical Temple
  4229 | Temple   | Became a worshipper of Makhleb the Destroyer
  4883 | D:5      | Reached XP level 7. HP: 52/56 MP: 5/10
  4883 | D:5      | Your scales start taking on a fiery red colour.
  4883 | D:5      | Gained mutation: Your flesh is heat resistant. [Red Draconian growth]
  5030 | D:4      | Noticed Menkaure
  5037 | D:4      | Killed Menkaure
  5037 | D:4      | Reached skill level 5 in Transmutations
  5232 | D:4      | Reached skill level 1 in Poison Magic
  5566 | D:6      | Reached skill level 5 in Unarmed Combat
  5825 | D:6      | Reached * piety under Makhleb
  6017 | D:6      | Found a basalt altar of Yredelemnul.
  6221 | D:6      | Reached XP level 8. HP: 55/63 MP: 11/11
  6577 | D:7      | Found Doanu's Jewellery Boutique.
  6651 | D:7      | Reached ** piety under Makhleb
  6671 | D:7      | Reached skill level 6 in Transmutations
  6883 | D:7      | Found a shimmering altar of Xom.
  6891 | D:7      | Reached skill level 5 in Dodging
  6987 | D:7      | Learned a level 5 spell: Blade Hands
  6991 | D:7      | Noticed a hill giant
  7020 | D:7      | Killed a hill giant
  7179 | D:7      | Reached skill level 7 in Transmutations
  7342 | D:7      | Reached XP level 9. HP: 72/72 MP: 12/14
  7521 | D:7      | Found an ancient bone altar of Kikubaaqudgha.
  7746 | D:7      | Noticed Prince Ribbit
  7752 | D:7      | Found a blossoming altar of Fedhas.
  7759 | D:7      | Killed Prince Ribbit
  7779 | D:7      | Found a white marble altar of Elyvilon.
  7779 | D:7      | Found a snail-covered altar of Cheibriados.
  7800 | D:7      | Found an oddly glowing altar of Pakellas.
  8508 | D:8      | Reached skill level 5 in Fighting
  8561 | D:8      | Reached *** piety under Makhleb
  8617 | D:8      | Found a bloodstained altar of Trog.
  8681 | D:8      | Found a sparkling altar of Nemelex Xobeh.
  9544 | D:3      | Reached **** piety under Makhleb
  9870 | D:5      | Found a shattered altar of Ashenzari.
 10054 | D:9      | Noticed a kobold demonologist
 10060 | D:9      | Killed a kobold demonologist
 10060 | D:9      | Reached XP level 10. HP: 64/83 MP: 8/17
 10171 | D:9      | Reached skill level 8 in Transmutations
 10512 | D:9      | Reached skill level 5 in Spellcasting
 10856 | D:10     | Entered Level 10 of the Dungeon
 11059 | D:10     | Noticed Josephine
 11068 | D:10     | Killed Josephine
 11068 | D:10     | Reached ***** piety under Makhleb
 11068 | D:10     | Reached skill level 9 in Transmutations
 11081 | D:10     | Reached skill level 1 in Throwing
 11530 | D:10     | Reached XP level 11. HP: 76/91 MP: 9/20
 12156 | D:10     | Reached skill level 10 in Transmutations
 12300 | D:10     | Found a staircase to the Lair.
 12790 | D:10     | Noticed a hill giant
 12834 | D:10     | Killed a hill giant
 12905 | D:10     | Found a staircase to the Orcish Mines.
 12945 | D:10     | HP: 3/91 [troll (19)]
 12945 | D:10     | Mangled by a troll

Vault maps used:
D:1:      wheals_arrival_shading, minmay_misc_feat_nine_boxes
D:2:      nicolae_dithmenos_through_a_glass_darkly, first_bread,
          nicolae_ru_awakened_eye
D:3:      grunt_temple_overflow_open
D:4:      nicolae_qazlal_style_of_elements, nemelex_xobeh_ov_fountains_minmay,
          uniq_menkaure
D:5:      marbit_many_paths, minmay_temple_entry_trees, uniq_blork_the_orc
D:6:      yredelemnul_forgotten_temple_becter
D:7:      gammafunk_temple_overflow_forgotten, kennysheep_little_box,
          xom_teletrap_fun, kennysheep_mini_moat, serial_shops, shop,
          uniq_prince_ribbit1
D:8:      lemuel_crystal_altar, old_standard_altar
D:10:     lemuel_reptile_caves, david_lair_shrubbed,
          kennysheep_orc_monster_closet_entryway, uniq_josephine
Temple:   hc_temple_tempest_star

Action                   |  1- 3 |  4- 6 |  7- 9 | 10-12 || total
-------------------------+-------+-------+-------+-------++-------
Melee: Unarmed           |   166 |   220 |   462 |   313 ||  1161
 Fire: Blowgun           |       |       |     5 |    18 ||    23
 Cast: Beastly Appendage |    30 |    19 |    34 |     3 ||    86
       Spider Form       |       |    13 |    18 |       ||    31
       Blade Hands       |       |       |     3 |    32 ||    35
 Abil: Breathe Fire      |       |       |     7 |     5 ||    12
  Use: Scroll            |       |       |     8 |       ||     8
 Stab: Sleeping          |     2 |    10 |     4 |     3 ||    19
       Distracted        |       |       |     1 |     1 ||     2
  Eat: Chunk             |     3 |    13 |    21 |    22 ||    59
